[ AOE2 MATCH · #505702633 ]
UnrankedBohemians vs Bengalis
Player's team · WIN
Rival team · LOSS
[ REPLAY ANALYSIS · EXTRACTED FROM THE RECORDED GAME ]
Feudal
—
Castle
—
Imperial
—
| APM avg | 48.0 |
| APM peak | 61 |
| eAPM avg | 16.1 |
| Villagers / military | 9 / 0 |
Focus
⚔️ 28.6% · 🌾 71.4%
Feudal
—
Castle
—
Imperial
—
| APM avg | 51.0 |
| APM peak | 67 |
| eAPM avg | 25.7 |
| Villagers / military | 10 / 0 |
Focus
⚔️ 15.8% · 🌾 84.2%
Match map
Initial resources + every placement click. Lines = walls · curves = elevation contours. ◆ gold · ⬟ stone · ● berries · ✦ relic · ◌ wall gap
Your base
NicoC's base
Smoothed initial terrain · ◌ = detected wall gap · hover for details
Inputs per minute
— Davey_Dave - - NicoC
Build order — Davey_Dave
13 actions detected in the replay
| 0:00 | Create | Villager (Male) |
| 0:01 | Create | Villager (Male) |
| 0:01 | Create | Villager (Male) |
| 0:01 | Create | Villager (Male) |
| 0:01 | Create | Villager (Male) |
| 0:03 | Build | House |
| 0:05 | Build | House |
| 0:17 | Research | Loom |
| 0:36 | Create | Villager (Male) |
| 0:36 | Create | Villager (Male) |
| 2:46 | Create | Villager (Male) |
| 2:46 | Create | Villager (Male) |
| 3:48 | Build | Palisade Wall |
Build order — NicoC
16 actions detected in the replay
| 0:01 | Create | Villager (Male) |
| 0:06 | Research | Loom |
| 0:06 | Create | Villager (Male) |
| 0:06 | Create | Villager (Male) |
| 0:18 | Build | House |
| 0:19 | Build | House |
| 0:27 | Build | House |
| 0:34 | Create | Villager (Male) |
| 0:34 | Create | Villager (Male) |
| 0:34 | Create | Villager (Male) |
| 0:34 | Create | Villager (Male) |
| 0:56 | Build | Palisade Wall |
| 3:17 | Build | Palisade Wall |
| 3:51 | Create | Villager (Male) |
| 3:51 | Create | Villager (Male) |
| 3:51 | Create | Villager (Male) |
Match timeline
| 0:56 | NicoC · wall_segment Palisade Wall x6 |
| 3:17 | NicoC · wall_segment Palisade Wall x1 |
| 3:48 | Davey_Dave · wall_segment Palisade Wall x2 |
| 5:06 | NicoC · resign |
[ AI ANALYSIS · 1 CREDIT ]
What really happened in this match?
Wolo.gg analyzes every decision: build order, eco, micro, common mistakes by bracket. Personalized analysis on WhatsApp or Discord in 30 seconds.
Civ guide
Bohemians
Perfil
Jugador #10102186